General information
- name: BNet
- type: Ladder team game (AT/RT)
- host: Battle.net
- saver: TIMG4STRok
map: Cherryville
- players: 8
- length: 16:20
- speed: Fast
- version: 1.23 W3XP
- replay type:

» download(127 KB)
Players
team 1 (winner)

»
chickseeker (
yellow | 77 APM | 1260 actions | 16:18)
5 Tauren Chieftain
2 Endurance Aura
3 War Stomp
1 Shadow Hunter
1 Healing Wave
» actions
| Assign group hotkey | 34 | |
| Basic commands | 1 | |
| Build / train | 75 | |
| Enter build submenu | 17 | |
| Enter hero's abilities submenu | 6 | |
| Give item / drop item | 1 | |
| Remove unit from queue | 3 | |
| Right click | 544 | |
| Select / deselect | 190 | |
| Select group hotkey | 327 | |
| Use ability | 62 | |
1260 total
» units
| Peon | 14 | |
| Grunt | 4 | |
| Troll Witch Doctor | 4 | |
| Tauren | 4 | |
| Spirit Walker | 4 | |
30 total
» upgrades
| Berserker Strength | 1 | |
| Witch Doctor Training | 2 | |
| Pulverize | 1 | |
| Spirit Walker Training | 2 | |
| Armor | 3 | |
| Melee Weapons | 2 | |
11 total
» buildings
| Altar of Storms | 1 | |
| Orc Burrow | 7 | |
| Barracks | 1 | |
| Stronghold | 2 | |
| Voodoo Lounge | 1 | |
| War Mill | 1 | |
| Fortress | 2 | |
| Spirit Lodge | 2 | |
| Great Hall | 1 | |
| Tauren Totem | 2 | |
20 total
» build order
00:10 Altar of Storms
00:21 Orc Burrow
00:38 Barracks
01:35 Orc Burrow
02:47 Stronghold
02:47 Stronghold
03:30 Voodoo Lounge
04:01 War Mill
04:28 Orc Burrow
05:08 Fortress
05:09 Fortress
05:12 Spirit Lodge
06:20 Orc Burrow
07:40 Great Hall
07:57 Tauren Totem
07:59 Tauren Totem
10:05 Orc Burrow
10:47 Spirit Lodge
11:01 Orc Burrow
14:26 Orc Burrow
» items

»
TIMG4STRok (
red | 97 APM | 1590 actions | 16:20)
6 Priestess of the Moon
2 Searing Arrows
3 Trueshot Aura
1 Starfall
» actions
| Assign group hotkey | 10 | |
| Basic commands | 68 | |
| Build / train | 43 | |
| ESC pressed | 7 | |
| Enter build submenu | 20 | |
| Enter hero's abilities submenu | 6 | |
| Right click | 747 | |
| Select / deselect | 126 | |
| Select group hotkey | 523 | |
| Use ability | 40 | |
1590 total
» units
» upgrades
| Strength of the Moon | 1 | |
| Strength of the Wild | 1 | |
2 total
» buildings
| Altar of Elders | 1 | |
| Moon Well | 6 | |
| Hunter's Hall | 1 | |
| Ancient of War | 2 | |
| Tree of Life | 1 | |
| Tree of Ages | 1 | |
| Tree of Eternity | 1 | |
| Ancient of Wind | 1 | |
| Chimaera Roost | 2 | |
| Ancient Protector | 2 | |
18 total
» build order
00:04 Altar of Elders
00:18 Moon Well
01:28 Hunter's Hall
01:48 Ancient of War
02:02 Ancient of War
02:15 Moon Well
02:29 Moon Well
04:52 Tree of Life
05:47 Moon Well
06:32 Tree of Ages
09:56 Tree of Eternity
09:59 Ancient of Wind
11:06 Moon Well
12:41 Chimaera Roost
12:55 Chimaera Roost
13:08 Moon Well
16:08 Ancient Protector
16:15 Ancient Protector

»
OfFsprlNG (
orange | 52 APM | 852 actions | 16:18)
5 Death Knight
3 Death Coil
2 Unholy Aura
4 Lich
2 Frost Nova
2 Dark Ritual
3 Crypt Lord
2 Impale
1 Spiked Carapace
» actions
| Assign group hotkey | 24 | |
| Basic commands | 81 | |
| Build / train | 44 | |
| Enter build submenu | 17 | |
| Enter hero's abilities submenu | 13 | |
| Give item / drop item | 1 | |
| Right click | 234 | |
| Select / deselect | 144 | |
| Select group hotkey | 250 | |
| Use ability | 44 | |
852 total
» units
| Acolyte | 2 | |
| Ghoul | 3 | |
| Crypt Fiend | 8 | |
| Frost Wyrm | 6 | |
19 total
» upgrades
| Creature Attack | 3 | |
| Creature Carapace | 2 | |
| Web | 1 | |
| Freezing Breath | 1 | |
7 total
» buildings
| Graveyard | 1 | |
| Crypt | 1 | |
| Ziggurat | 9 | |
| Altar of Darkness | 1 | |
| Tomb of Relics | 1 | |
| Halls of the Dead | 1 | |
| Black Citadel | 1 | |
| Sacrificial Pit | 1 | |
| Boneyard | 3 | |
19 total
» build order
00:25 Graveyard
00:32 Crypt
00:55 Ziggurat
01:05 Altar of Darkness
01:22 Tomb of Relics
01:28 Ziggurat
03:51 Ziggurat
04:25 Halls of the Dead
05:17 Ziggurat
08:02 Black Citadel
08:04 Sacrificial Pit
10:10 Ziggurat
10:12 Ziggurat
10:13 Ziggurat
10:31 Boneyard
10:33 Boneyard
10:34 Boneyard
11:24 Ziggurat
15:20 Ziggurat
» items
LordRon (
teal | 48 APM | 786 actions | 16:18)
3 Blood Mage
2 Flame Strike
1 Siphon Mana
» actions
| Assign group hotkey | 35 | |
| Basic commands | 93 | |
| Build / train | 44 | |
| Enter build submenu | 14 | |
| Enter hero's abilities submenu | 3 | |
| Right click | 146 | |
| Select / deselect | 218 | |
| Select group hotkey | 190 | |
| Use ability | 43 | |
786 total
» units
» upgrades
| Gunpowder | 2 | |
| Armor | 2 | |
| Lumber Harvesting | 1 | |
| Flare | 1 | |
| Fragmentation Shards | 1 | |
| Flak Cannons | 1 | |
| Plating | 1 | |
9 total
» buildings
| Farm | 7 | |
| Lumber Mill | 1 | |
| Altar of Kings | 1 | |
| Arcane Vault | 1 | |
| Keep | 1 | |
| Blacksmith | 1 | |
| Workshop | 3 | |
| Castle | 1 | |
16 total
» build order
00:10 Farm
00:16 Lumber Mill
00:38 Altar of Kings
00:54 Farm
01:36 Arcane Vault
02:34 Keep
02:37 Blacksmith
02:43 Farm
03:37 Farm
04:56 Workshop
04:57 Workshop
04:59 Workshop
05:05 Farm
07:40 Farm
07:59 Farm
11:21 Castle
» items
| Lesser Clarity Potion | 1 | |
| Periapt of Vitality | 1 | |
2 total
team 2 (loser)

»
lecheR (
green | 68 APM | 1062 actions | 15:35)
4 Death Knight
2 Death Coil
2 Unholy Aura
1 Lich
1 Frost Nova
1 Crypt Lord
1 Impale
» actions
| Assign group hotkey | 29 | |
| Basic commands | 4 | |
| Build / train | 62 | |
| Enter build submenu | 20 | |
| Enter hero's abilities submenu | 6 | |
| Give item / drop item | 1 | |
| Remove unit from queue | 1 | |
| Right click | 474 | |
| Select / deselect | 161 | |
| Select group hotkey | 242 | |
| Use ability | 62 | |
1062 total
» units
| Acolyte | 8 | |
| Ghoul | 4 | |
| Crypt Fiend | 11 | |
| Obsidian Statue | 2 | |
| Frost Wyrm | 4 | |
29 total
» upgrades
| Creature Attack | 2 | |
| Web | 1 | |
| Burrow | 1 | |
| Destroyer Form | 1 | |
5 total
» buildings
| Graveyard | 1 | |
| Crypt | 1 | |
| Ziggurat | 6 | |
| Altar of Darkness | 1 | |
| Tomb of Relics | 1 | |
| Halls of the Dead | 1 | |
| Necropolis | 1 | |
| Spirit Tower | 1 | |
| Nerubian Tower | 2 | |
| Black Citadel | 1 | |
| Slaughterhouse | 1 | |
| Sacrificial Pit | 1 | |
| Boneyard | 2 | |
20 total
» build order
00:23 Graveyard
00:28 Crypt
00:42 Ziggurat
01:02 Altar of Darkness
01:17 Tomb of Relics
01:41 Ziggurat
04:18 Ziggurat
04:56 Halls of the Dead
05:52 Ziggurat
05:54 Necropolis
06:31 Spirit Tower
06:40 Nerubian Tower
07:14 Ziggurat
07:20 Black Citadel
08:10 Slaughterhouse
08:22 Sacrificial Pit
08:34 Ziggurat
08:37 Nerubian Tower
10:28 Boneyard
10:30 Boneyard
» items
| Rod of Necromancy | 2 | |
| Dust of Appearance | 1 | |
| Sacrificial Skull | 1 | |
| Lesser Clarity Potion | 2 | |
| Scroll of Regeneration | 1 | |
| Potion of Mana | 2 | |
| Orb of Corruption | 1 | |
| Scroll of Healing | 1 | |
| Scroll of Town Portal | 1 | |
| Potion of Healing | 1 | |
13 total

»
WESFSTGDB (
purple | 117 APM | 1621 actions | 13:52)
3 Archmage
2 Summon Water Elemental
1 Brilliance Aura
1 Mountain King
1 Storm Bolt
» actions
| Assign group hotkey | 142 | |
| Build / train | 90 | |
| ESC pressed | 2 | |
| Enter build submenu | 28 | |
| Enter hero's abilities submenu | 4 | |
| Right click | 719 | |
| Select / deselect | 252 | |
| Select group hotkey | 315 | |
| Use ability | 69 | |
1621 total
» units
| Peasant | 16 | |
| Footman | 8 | |
| Dragonhawk Rider | 1 | |
| Gryphon Rider | 5 | |
30 total
» upgrades
| Masonry | 1 | |
| Lumber Harvesting | 2 | |
| Swords | 1 | |
| Armor | 1 | |
| Storm Hammers | 1 | |
6 total
» buildings
| Altar of Kings | 1 | |
| Farm | 7 | |
| Barracks | 1 | |
| Lumber Mill | 1 | |
| Scout Tower | 12 | |
| Arcane Tower | 1 | |
| Arcane Vault | 1 | |
| Town Hall | 2 | |
| Guard Tower | 28 | |
| Keep | 2 | |
| Castle | 3 | |
| Gryphon Aviary | 2 | |
| Blacksmith | 2 | |
63 total
» build order
00:20 Altar of Kings
00:27 Farm
00:42 Barracks
01:07 Farm
01:36 Lumber Mill
01:46 Scout Tower
02:03 Farm
02:24 Arcane Tower
03:25 Arcane Vault
03:32 Farm
04:37 Town Hall
04:39 Scout Tower
04:40 Scout Tower
04:40 Scout Tower
04:44 Scout Tower
05:09 Guard Tower
05:09 Guard Tower
05:09 Guard Tower
05:10 Guard Tower
05:11 Scout Tower
05:12 Guard Tower
05:12 Guard Tower
05:22 Scout Tower
05:29 Scout Tower
05:40 Guard Tower
05:40 Guard Tower
05:43 Guard Tower
05:44 Guard Tower
05:57 Guard Tower
05:58 Scout Tower
06:30 Guard Tower
06:30 Guard Tower
06:32 Guard Tower
06:32 Guard Tower
06:32 Guard Tower
06:37 Keep
06:38 Scout Tower
07:12 Guard Tower
07:12 Guard Tower
07:12 Guard Tower
07:15 Scout Tower
07:16 Scout Tower
09:46 Castle
09:47 Castle
09:49 Gryphon Aviary
09:51 Gryphon Aviary
10:25 Farm
10:32 Blacksmith
10:34 Blacksmith
11:08 Guard Tower
11:54 Town Hall
12:22 Farm
12:22 Farm
» items
| Scroll of Regeneration | 1 | |
| Scroll of Town Portal | 2 | |
3 total

»
baygoon (
blue | 71 APM | 1156 actions | 16:17)
3 Tauren Chieftain
2 War Stomp
1 Endurance Aura
1 Shadow Hunter
1 Healing Wave
» actions
| Assign group hotkey | 17 | |
| Basic commands | 2 | |
| Build / train | 55 | |
| Enter build submenu | 23 | |
| Enter hero's abilities submenu | 4 | |
| Give item / drop item | 2 | |
| Right click | 438 | |
| Select / deselect | 240 | |
| Select group hotkey | 336 | |
| Use ability | 39 | |
1156 total
» units
» upgrades
| Melee Weapons | 1 | |
| Berserker Strength | 1 | |
| Burning Oil | 1 | |
| Ranged Weapons | 2 | |
| Armor | 2 | |
| Envenomed Spears | 1 | |
| Shaman Training | 2 | |
10 total
» buildings
| Barracks | 1 | |
| Altar of Storms | 1 | |
| Orc Burrow | 5 | |
| War Mill | 1 | |
| Voodoo Lounge | 1 | |
| Stronghold | 1 | |
| Watch Tower | 1 | |
| Great Hall | 1 | |
| Fortress | 1 | |
| Spirit Lodge | 3 | |
| Beastiary | 3 | |
19 total
» build order
00:06 Barracks
00:08 Altar of Storms
00:56 Orc Burrow
01:26 Orc Burrow
03:21 War Mill
03:47 Orc Burrow
03:55 Voodoo Lounge
04:23 Stronghold
05:24 Watch Tower
06:01 Great Hall
07:14 Orc Burrow
07:21 Fortress
08:36 Spirit Lodge
08:37 Spirit Lodge
10:12 Beastiary
10:13 Beastiary
10:15 Beastiary
11:23 Spirit Lodge
12:15 Orc Burrow
» items
| Healing Salve | 2 | |
| Scroll of Town Portal | 4 | |
| Orb of Lightning | 1 | |
7 total

»
sinly (
pink | 34 APM | 517 actions | 15:23)
3 Warden
2 Fan of Knives
1 Blink
» actions
| Assign group hotkey | 16 | |
| Basic commands | 27 | |
| Build / train | 33 | |
| Enter build submenu | 16 | |
| Enter hero's abilities submenu | 3 | |
| Give item / drop item | 1 | |
| Right click | 201 | |
| Select / deselect | 142 | |
| Select group hotkey | 42 | |
| Use ability | 36 | |
517 total
» units
| Wisp | 9 | |
| Archer | 7 | |
| Hippogryph | 1 | |
| Gryphon Rider | 1 | |
| Peasant | 4 | |
22 total
» upgrades
| Improved Bows | 1 | |
| Hippogryph Taming | 1 | |
2 total
» buildings
| Altar of Elders | 1 | |
| Moon Well | 6 | |
| Ancient of War | 1 | |
| Tree of Ages | 1 | |
| Ancient of Wonders | 2 | |
| Tree of Eternity | 1 | |
| Ancient of Wind | 2 | |
| Hunter's Hall | 1 | |
15 total
» build order
00:09 Altar of Elders
00:17 Moon Well
00:57 Ancient of War
01:47 Moon Well
02:21 Moon Well
03:27 Tree of Ages
03:49 Ancient of Wonders
05:38 Moon Well
05:52 Tree of Eternity
05:58 Ancient of Wind
06:04 Ancient of Wind
07:11 Moon Well
07:16 Hunter's Hall
08:10 Moon Well
09:47 Ancient of Wonders
» items
| Potion of Healing | 1 | |
| Scroll of Town Portal | 1 | |
| Orb of Venom | 1 | |
3 total
Chat log
(00:07 / All) WESFSTGDB: lol
(00:25 / All) WESFSTGDB: looks like i lose agian sausuasau
(00:31 / All) TIMG4STRok: huh.........
(00:32 / All) WESFSTGDB: hi tim ^_^
(00:36 / All) TIMG4STRok: hi wsup
(00:55 / All) TIMG4STRok: sorry as soon as i get naga sea witch i'll stop searching rt
(00:59 / All) TIMG4STRok: im just like 6 wins away
(01:02 / All) WESFSTGDB: not cuz of you
(01:03 / All) WESFSTGDB: lol
(01:09 / All) TIMG4STRok: well i'm best player here,
(01:13 / All) WESFSTGDB: no you're not lol
(01:14 / All) OfFsprlNG: !
(01:20 / All) lecheR: lol.
(01:24 / Allies) OfFsprlNG: ty
(01:25 / All) WESFSTGDB: im honestly liek
(01:25 / Allies) TIMG4STRok: yo offspring are you good
(01:27 / All) WESFSTGDB: 145-2 vs you
(01:30 / Allies) OfFsprlNG: ya
(01:32 / All) WESFSTGDB: n00b
(01:34 / Allies) OfFsprlNG: u wanna feed me =P
(01:38 / Allies) TIMG4STRok: i held back on giving you money because you weren't making buildings
(01:42 / Allies) TIMG4STRok: but i see you got that now
(01:47 / Allies) OfFsprlNG: lol
(01:48 / Allies) OfFsprlNG: all good
(02:18 / Allies) OfFsprlNG: u tech morts again?
(02:20 / Allies) LordRon: ya
(02:24 / Allies) chickseeker: tuaren doc
(02:27 / Allies) OfFsprlNG: k
(03:01 / All) WESFSTGDB: LOL
(03:18 / All) WESFSTGDB: so this is the 3rd timei n a row ive got a hopless retard
(03:29 / Allies) LordRon: shhh
(03:46 / Allies) OfFsprlNG: red imma clear 4 u
(03:59 / Allies) TIMG4STRok: sweet
(05:17 / Allies) TIMG4STRok: want to hit
(05:18 / Allies) TIMG4STRok: im 3
(05:27 / Allies) OfFsprlNG: lemme get 3
(06:12 / Allies) OfFsprlNG: wait till teal gets like 9 morts
(07:33 / Allies) OfFsprlNG: keep morts bak teal
(07:48 / All) WESFSTGDB: 3 nerds for me?
(07:49 / All) WESFSTGDB: awww lol
(08:00 / Allies) OfFsprlNG: all meet
(08:06 / Allies) OfFsprlNG: wood plz
(08:15 / Allies) LordRon: 200 gold for me anyone?
(08:27 / Allies) TIMG4STRok: hippo ridwers
(08:27 / Allies) TIMG4STRok: ;l,ap
(08:29 / Allies) TIMG4STRok: lmao
(08:32 / Allies) OfFsprlNG: lol got web
(08:40 / Allies) OfFsprlNG: ff main teal
(09:32 / All) LordRon: LOL blue you followed my hero while my mortors took out the hall
(10:20 / All) WESFSTGDB: lol
(10:24 / Allies) OfFsprlNG: red can u gold wood me
(10:26 / Allies) OfFsprlNG: 4 frost plz
(10:36 / Allies) OfFsprlNG: ty
(10:43 / Allies) OfFsprlNG: kill that xpo
(10:57 / Allies) LordRon: my mortors will take
(10:58 / Allies) LordRon: it
(12:06 / Allies) chickseeker: any spare lumber?
(16:06 / All) LordRon: yay blue
(16:12 / All) baygoon: yay go wind riders
(16:17 / All) OfFsprlNG: D